 Dungeon Crawl Stone Soup version 0.29-a0-520-gc852659d43 (webtiles) character file.

Game seed: 6375249437854140265

1568 Bruhh the Fighter (level 8, -1/56 HPs)
             Began as a Gargoyle Fighter on May 31, 2022.
             Slain by a troll (7 damage)
             ... on level 6 of the Dungeon.
             The game lasted 00:06:24 (5738 turns).

Bruhh the Fighter (Gargoyle Fighter)                Turns: 5738, Time: 00:06:24

Health: -1/56      AC: 15    Str: 23    XL:     8   Next: 90%
Magic:  8/8        EV:  9    Int:  8    God:
Gold:   249        SH:  4    Dex:  9    Spells: 7/7 levels left

rFire   . . .      SeeInvis .   u - +0 hand axe (venom)
rCold   + . .      Faith    .   c - +0 buckler
rNeg    + . .      Spirit   .   b - +0 scale mail
rPois   ∞          Reflect  .   x - +0 helmet
rElec   +          Harm     .   (no cloak)
rCorr   .          Rampage  .   y - +0 pair of gloves
Will    .....                   D - +0 pair of boots
Stlth   ..........              (no amulet)
HPRegen 0.18/turn               g - ring of protection from cold
MPRegen 0.11/turn               (no ring)

@: mighty
A: sickness immunity, AC +5, negative energy resistance 1, electricity
resistance, torment resistance 1, petrification resistance
a: no special abilities


You were on level 6 of the Dungeon.
You visited 1 branch of the dungeon, and saw 6 of its levels.
You also visited: Sewer.

You collected 249 gold pieces.

Inventory:

Hand Weapons
 a - a +0 flail
 u - a +0 hand axe of venom (weapon)
Armour
 b - a +0 scale mail (worn)
 c - a +0 buckler (worn)
 x - a +0 helmet (worn)
 y - a +0 pair of gloves (worn)
 D - a +0 pair of boots (worn)
Jewellery
 g - a ring of protection from cold (left hand)
Wands
 w - a wand of paralysis (6)
 z - a wand of flame (10)
Scrolls
 e - 4 scrolls of fog
 i - a scroll of enchant armour
 j - 2 scrolls of blinking
 l - 2 scrolls of silence
 m - 2 scrolls of immolation
 n - a scroll of magic mapping {unknown}
 q - a scroll of noise
 r - 5 scrolls of identify
 s - a scroll of amnesia {unknown}
 t - a scroll of poison {unknown}
 v - a scroll of teleportation {unknown}
 F - a scroll of torment {unknown}
Potions
 f - a potion of heal wounds {unknown}
 h - 2 potions of lignification {unknown}
 k - 2 potions of attraction {unknown}
 o - 3 potions of brilliance {unknown}
 p - 4 potions of curing
 A - 2 potions of invisibility {unknown}
 B - a potion of mutation {unknown}
 C - a potion of berserk rage {unknown}
 E - a potion of ambrosia {unknown}


   Skills:
 + Level 9.1 Fighting
 + Level 7.9 Maces & Flails
 - Level 3.2 Armour
 - Level 3.2 Shields


You had 7 spell levels left.
You didn't know any spells.
Your spell library contained the following spells:

 Spells                   Type           Power      Damage    Failure   Level
 Foxfire                  Conj/Fire      0%         2x1d4     82%         1
 Slow                     Hex            0%         N/A       82%         1
 Confusing Touch          Hex            0%         N/A       99%         3
 Conjure Flame            Conj/Fire      0%         6-21      99%         3
 Inner Flame              Hex/Fire       0%         N/A       99%         3
 Vampiric Draining        Necr           0%         2d6       99%         3
 Flame Wave               Conj/Fire      0%         2d4       100%        4


Dungeon Overview and Level Annotations

Branches:
Dungeon (6/15)              Sewer (visited)
 Temple: D:4-7

Altars:
Fedhas
Gozag
Kikubaaqudgha
Nemelex Xobeh
Qazlal
Wu Jian
The Shining One

Shops:
D:5 ::!   D:6 :*

Annotations:
D:3 2 transporters, Heedrag's ghost, amateur MiFi
D:4 2 transporters


Innate Abilities, Weirdness & Mutations

You are immune to sickness and miasma.
Your stone body is resilient. (AC +5)
You are immune to poison.
You resist negative energy. (rN+)
You are resistant to electric shocks. (rElec)
You are resistant to unholy torment.
You are immune to petrification.


Message History

A troll comes into view.
The troll shouts!
A troll is nearby!
A troll is nearby!
You hit the troll.
The troll is poisoned.
The troll is lightly wounded.
The troll barely misses you. The troll claws you but does no damage.
The troll barely misses you. The troll bites you but does no damage.
The troll claws you but does no damage. The troll claws you.
You barely miss the troll.
The troll is lightly wounded.
The troll closely misses you. The troll barely misses you.
The troll claws you but does no damage.
You barely miss the troll.
The troll is lightly wounded.
The troll closely misses you. The troll claws you. The troll claws you!
You hit the troll.
The troll looks as sick as possible!
The troll is lightly wounded.
The troll completely misses you. You block the troll's attack.
The troll claws you but does no damage.
You hit the troll.
The troll looks as sick as possible!
The troll is moderately wounded.
The troll bites you.
The troll claws you but does no damage. x2
Unknown command.
You feel very mighty all of a sudden. The troll bites you! The troll claws you.
The troll closely misses you.
You slash the troll!
The troll looks as sick as possible!
The troll is heavily wounded.
The troll closely misses you. The troll barely misses you. x2
You slash the troll!
The troll looks as sick as possible!
The troll is almost dead.
The troll closely misses you. You block the troll's attack.
The troll claws you!
* * * LOW HITPOINT WARNING * * *
You barely miss the troll.
The troll is almost dead.
The troll bites you.
* * * LOW HITPOINT WARNING * * *
The troll claws you!
You die...

#####.#
#.....#
#.##### #.#
#.#####
#.....#
#####.# #.#
#@#
#.T.⌠.⌠....
#(##.∩.####
#. ⌠.⌠# #
####


You could see a troll (extremely poisoned).

Vanquished Creatures
  Eustachio (D:4)
  A water moccasin (D:6)
  Pargi (Sewer)
  Duvessa (D:4)
  2 ogres (D:5)
  2 centaurs
  3 scorpions (D:5)
  Dowan (D:4)
  A howler monkey (D:5)
  4 hounds (D:5)
  3 orc priests
  2 iguanas (D:5)
  Ijyb (D:4)
  3 orc wizards
  5 adders
  3 gnolls (D:5)
  A river rat (D:4)
  2 ufetubi
  A dart slug (D:4)
  2 orcs
  5 ball pythons
  10 bats
  6 endoplasms
  8 giant cockroaches
  7 hobgoblins
  8 jackals
  5 quokkas
  2 frilled lizards (D:1)
  8 goblins
  2 kobolds
  6 rats
107 creatures vanquished.

Notes
Turn   | Place    | Note
-------+----------+-------------------------------------------
     0 | D:1      | Bruhh the Gargoyle Fighter began the quest for the Orb.
     0 | D:1      | Reached XP level 1. HP: 14/14 MP: 1/1
   260 | D:1      | Reached XP level 2. HP: 19/19 MP: 2/2
   366 | D:1      | Found a faded altar of an unknown god.
   999 | D:2      | Reached XP level 3. HP: 24/24 MP: 3/3
  1003 | D:2      | Reached skill level 4 in Fighting
  1259 | D:3      | Noticed a toenail golem
  1267 | D:3      | Noticed a small abomination
  1271 | D:3      | Found a transporter.
  1271 | D:3      | Noticed Heedrag's ghost (amateur MiFi)
  1277 | D:3      | Found a transporter.
  1398 | D:3      | Reached XP level 4. HP: 29/30 MP: 4/4
  1417 | D:3      | Found an ancient bone altar of Kikubaaqudgha.
  1762 | D:3      | Reached skill level 5 in Fighting
  1762 | D:3      | Reached XP level 5. HP: 23/35 MP: 5/5
  1908 | D:3      | Found an ornate altar of the Wu Jian Council.
  1924 | D:3      | Found an opulent altar of Gozag.
  2136 | D:4      | Noticed Ijyb
  2145 | D:4      | Killed Ijyb
  2185 | D:4      | Found a glowing drain.
  2280 | Sewer    | Entered a sewer
  2362 | Sewer    | Noticed Pargi
  2378 | Sewer    | Killed Pargi
  2379 | Sewer    | Reached XP level 6. HP: 22/41 MP: 6/6
  2632 | D:4      | Found a transporter.
  2677 | D:4      | Noticed a steam dragon
  2678 | D:4      | Noticed a black bear
  2679 | D:4      | Found a transporter.
  2971 | D:4      | Noticed Dowan
  2973 | D:4      | Noticed Duvessa
  3404 | D:4      | Found a glowing golden altar of the Shining One.
  3456 | D:4      | Found a stormy altar of Qazlal.
  3462 | D:4      | Found a blossoming altar of Fedhas.
  3767 | D:4      | Noticed Eustachio
  3779 | D:4      | Killed Eustachio
  3780 | D:4      | Reached skill level 6 in Fighting
  3780 | D:4      | Reached skill level 5 in Maces & Flails
  3780 | D:4      | Reached XP level 7. HP: 39/47 MP: 7/7
  4313 | D:4      | Killed Duvessa
  4316 | D:4      | Killed Dowan
  4346 | D:5      | Entered Level 5 of the Dungeon
  4358 | D:5      | Reached skill level 7 in Fighting
  4559 | D:5      | Found Ciwyamok's Distillery.
  4614 | D:5      | Found a sparkling altar of Nemelex Xobeh.
  4732 | D:5      | Reached XP level 8. HP: 16/54 MP: 8/8
  5033 | D:5      | Reached skill level 8 in Fighting
  5163 | D:5      | Found Hidooxala's Book Emporium.
  5237 | D:5      | Found Okhlomesu's Book Shoppe.
  5676 | D:6      | Found Wewnoh's Book Shop.
  5692 | D:6      | Reached skill level 9 in Fighting
  5728 | D:6      | Found Ehis's General Store.
  5729 | D:6      | Noticed a troll
  5738 | D:6      | Slain by a troll

Illustrated notes

Levels and vault maps discovered:
D:1:      sevenhm_arrival_forest_fort_small_1, layout_basic,
          dreamdust_ecumenical_altar_angels_and_demons
D:2:      layout_basic
D:3:      layout_basic, nicolae_gozag_seed_capital, nzn_wu_jian_council_hall,
          mainiacjoe_overflow_paths, gammafunk_ghost_abyssal_escape
D:4:      layout_loops_corners, gammafunk_temple_overflow_arena,
          grunt_temple_overflow_forces_of_nature, portal_sewer_entry_e,
          minmay_strange_pillars, uniq_eustachio, uniq_duvessa, uniq_ijyb
D:5:      layout_basic, general_overflow_altar, serial_shops, kennysheep_mini,
          shop, nicolae_shop_hallway_stairs, minmay_between
D:6:      layout_basic, minmay_temple_entry_statues_fountains, serial_shops,
          nicolae_square_shop, shop, shop_fountains, nicolae_stop_n_shop_2,
          minmay_shop_grid_forest

Skill      XL: |  1  2  3  4  5  6  7  8 |
---------------+-------------------------+-----
Fighting       | 4 5 6 7 9 |  9.1
Maces & Flails | 3 4 5 6 7 |  7.9
Armour         | |  3.2
Shields        | |  3.2

Action                   |  1- 3 |  4- 6 |  7- 9 || total
-------------------------+-------+-------+-------++-------
Melee: Flail             |   117 |    42 |       ||   159
       Hand axe          |       |    93 |   127 ||   220
  Use: Scroll            |       |     5 |     1 ||     6
       Potion            |       |     1 |     4 ||     5
Armor: Scale mail        |    59 |   101 |   103 ||   263
Dodge: Dodged            |    51 |    69 |    79 ||   199
Block: Buckler           |    24 |    27 |    32 ||    83

Table legend: (Time is in decaauts)
 A = Elapsed time spent in this place.
 B = Non-inter-level travel time spent in this place.
 C = Inter-level travel time spent in this place.
 D = Time resting spent in this place.
 E = Time spent auto-exploring this place.
 F = Levels seen in this place.
 G = Mean time per level.
                   A        B        C        D        E       F      G
               +--------+--------+--------+--------+--------+-----+--------+
         Total |   5846 |   5396 |    450 |    709 |   3693 |   7 |  835.1 |
       Dungeon |   5525 |   5075 |    450 |    709 |   3452 |   6 |  920.8 |
         Sewer |    321 |    321 |      0 |      0 |    241 |   1 |  321.0 |
               +--------+--------+--------+--------+--------+-----+--------+

Top non-repeatable levels by time:
     D:4: 1882 daAuts
     D:3: 1283 daAuts
     D:5: 1049 daAuts
     D:1: 743 daAuts
     D:2: 456 daAuts
   Sewer: 321 daAuts
     D:6: 109 daAuts
